 Dungeon Crawl Stone Soup version 0.31-a0-799-g6bc09d010c (webtiles) character file.

Game seed: 6864050502215220955

5903 Yarcc the Cleaver (level 10, -4/88 HPs)
             Began as a Minotaur Fighter on Sept 19, 2023.
             Was a Priest of Okawaru.
             Killed from afar by Grum (8 damage)
             ... with a bolt of light
             ... on level 8 of the Dungeon.
             The game lasted 00:16:11 (8160 turns).

Yarcc the Cleaver (Minotaur Fighter)                Turns: 8160, Time: 00:16:12

Health: -4/88      AC:  9    Str: 23    XL:     10   Next: 53%
Magic:  9/9        EV: 17    Int:  5    God:    Okawaru [***...]
Gold:   300        SH:  0    Dex: 12    Spells: 9/9 levels left

rFire   . . .        x - +2 battleaxe
rCold   . . .        (shield currently unavailable)
rNeg    . . .        b - +1 scale mail
rPois   .            (helmet restricted)
rElec   .            (no cloak)
rCorr   .            (no gloves)
SInv    .            (no boots)
Will    .....        (no amulet) Stlth
                     l - +5 ring of evasion
HPRegen 0.34/turn    (no ring)
MPRegen 0.11/turn

%: no passive effects
@: confused
A: horns 2, retaliatory headbutt
a: Renounce Religion, Heroism


You were on level 8 of the Dungeon.
You worshipped Okawaru.
Okawaru was most pleased with you.
You visited 3 branches of the dungeon, and saw 10 of its levels.

You collected 300 gold pieces.

Inventory:

Hand Weapons
 x - a +2 battleaxe (weapon)
Missiles
 a - a dart of dispersal
Armour
 b - a +1 scale mail (worn)
Jewellery
 f - a ring of willpower
 l - a +5 ring of evasion (left hand)
 m - a ring of wizardry
 q - a ring of fire
Wands
 g - a wand of iceblast (15)
 n - a wand of charming (43)
Scrolls
 e - a scroll of fear
 h - 7 scrolls of identify
 i - 2 scrolls of teleportation
 j - 2 scrolls of blinking
 k - a scroll of poison {unknown}
 o - a scroll of enchant armour
 r - a scroll of immolation
 s - a scroll of amnesia
 u - a scroll of enchant weapon
 w - a scroll of revelation {unknown}
Potions
 d - a potion of might
 p - a potion of curing
 t - a potion of lignification
 v - a potion of magic


   Skills:
 + Level 8.0 Fighting
 + Level 12.8 Axes
 + Level 10.4 Armour
 + Level 4.7 Dodging
 + Level 6.1 Shields


You had 9 spell levels left.
You didn't know any spells.
Your spell library contained the following spells:

 Spells                   Type           Power      Damage    Failure   Level
 Foxfire                  Conj/Fire      0%         2x1d4     75%         1
 Sandblast                Erth           0%         2d4       75%         1
 Passwall                 Tmut/Erth      0%         N/A       86%         2
 Poisonous Vapours        Pois/Air       0%         N/A       86%         2
 Sublimation of Blood     Necr           0%         N/A       86%         2
 Dazzling Flash           Conj/Hex       0%         N/A       98%         3
 Hailstorm                Conj/Ice       0%         3d3       98%         3
 Mephitic Cloud           Conj/Pois/Air  0%         N/A       98%         3
 Sigil of Binding         Hex            0%         N/A       98%         3
 Stone Arrow              Conj/Erth      0%         3d7       98%         3
 Brom's Barrelling Bould  Conj/Erth      0%         2d3       100%        4
 Dimensional Bullseye     Hex/Tloc       0%         N/A       100%        4
 Iskenderun's Mystic Bla  Conj/Tloc      0%         2d3       100%        4
 Leda's Liquefaction      Hex/Erth       0%         N/A       100%        4
 Petrify                  Tmut/Erth      0%         N/A       100%        4
 Agony                    Necr           0%         N/A       100%        5
 Freezing Cloud           Conj/Ice/Air   0%         6-21      100%        5
 Irradiate                Conj/Tmut      0%         3d11      100%        5
 Silence                  Hex/Air        0%         N/A       100%        5
 Plasma Beam              Fire/Air       0%         2x1d10    100%        6
 Starburst                Conj/Fire      0%         6d3       100%        6
 Call Canine Familiar     Summ           Unusable   N/A       N/A         3
 Tukima's Dance           Hex            Unusable   N/A       N/A         3
 Summon Ice Beast         Ice/Summ       Unusable   N/A       N/A         4
 Simulacrum               Ice/Necr       Unusable   N/A       N/A         6

Dungeon Overview and Level Annotations

Branches:
Dungeon (8/15)             Temple (1/1) D:6            Lair (1/5) D:8

Altars:
Ashenzari
Cheibriados
Dithmenos
Elyvilon
Fedhas
Gozag
Hepliaklqana
Kikubaaqudgha
Makhleb
Nemelex Xobeh
Okawaru
Qazlal
Ru
Sif Muna
Trog
Uskayaw
Vehumet
Wu Jian
Xom
Yredelemnul
Zin
The Shining One

Annotations:
D:8 Grum


Innate Abilities, Weirdness & Mutations

You have a pair of horns on your head.
You reflexively headbutt those who attack you in melee.


Message History

A wolf comes into view.
Your Fighting skill increases to level 8!
A wolf comes into view.
The wolf howls!
The wolf splashes around in the water.
You barely miss the wolf.
The wolf splashes around in the water.
You closely miss the wolf.
The wolf howls!
You hear a howl!
The wolf closely misses you. x2; You furiously retaliate!
You headbutt the wolf! You hit the wolf. You headbutt the wolf.
The wolf is almost dead.
The wolf splashes around in the water.
The wolf completely misses you.
You slice the wolf!!
You kill the wolf!
Okawaru accepts your kill. Okawaru grants you throwing weapons!
Something appears at your feet!
a - a dart of dispersal Grum zaps a wand.
The bolt of light hits you.
You are confused.
* * * LOW HITPOINT WARNING * * *
Unknown command.
You feel better.
You slash the wolf! Your headbutt misses the wolf.
The wolf is heavily wounded.
The wolf bites you.
* * * LOW HITPOINT WARNING * * *
The wolf bites you but does no damage.
You slash the wolf!
You kill the wolf!
Okawaru accepts your kill. The wolf misses you. You furiously retaliate!
You headbutt the wolf.
Grum zaps a wand.
The bolt of light hits you!
* * * LOW HITPOINT WARNING * * *
The wolf completely misses you.
You hit the wolf but do no damage. You headbutt the wolf!
The wolf is severely wounded.
The wolf misses you.
Grum zaps a wand.
The bolt of light hits you!
You are confused.
You die...

#.###.##......##....#.#........##
....~≈~~~≈~...........#.....#....
~..~.~≈≈≈≈~~....~.....#.....#####
.....≈≈≈≈≈≈≈~~..~..............##
.~~~≈≈≈≈≈≈≈≈≈~.~.....##.##.....).
.~.≈≈~~~~≈≈~≈~≈≈≈~............)##
..~~≈~.≈.~~..~≈≈≈≈~..#.....##.#).
..≈≈≈~~†...~~~~≈~†~..#........#.#
..~≈~~..>......h@....########.#.#
.~~.~~~.))..~~~~~~~..# #.#..
...~~~..~..)≈~≈~..†..# #.#..
.~~.≈~≈≈.†~≈~≈≈≈~~†..###### #<#..
...~≈~≈≈~~~≈~~g≈~~.†......###.#.#
..?~..~≈~.~~..~~~...........#.###
.~~h..~..~................#.#.# #
........~................#.#.###
.....###....####.........#.#.#.†


You could see Grum and a wolf.

Vanquished Creatures
  A two-headed ogre (D:5)
  A troll (D:8)
  A hornet (D:8)
  5 yaks (D:8)
  A wyvern (D:8)
  2 steam dragons
  An acid dragon (D:6)
  A water moccasin (D:7)
  3 ice beasts (D:5)
  A black bear (D:6)
  3 sky beasts (D:7)
  2 orc warriors
  2 ogres
  6 wolves (D:8)
  A phantom (D:6)
  Blork the orc (D:4)
  A kobold brigand (D:8)
  A bullfrog (D:8)
  2 scorpions
  6 wights
  4 killer bees (D:5)
  An electric eel (D:8)
  4 hounds (D:8)
  4 jellies (D:6)
  4 orc priests
  A gnoll bouda (D:6)
  3 sleepcaps
  Jessica (D:3)
  4 iguanas
  7 orc wizards
  3 bullfrog simulacra (D:5)
  The ghost of Beaer the Sneak, a weakling OpDe (D:5)
  A scorpion simulacrum (D:5)
  A mummy (D:5)
  9 gnolls
  4 adders
  A hound simulacrum (D:5)
  A shadow imp (D:7)
  A white imp (D:6)
  2 ufetubi
  3 worms
  A dart slug (D:1)
  16 orcs
  5 endoplasms
  5 giant cockroaches
  5 goblins
  4 hobgoblins
  8 jackals
  7 quokkas
  8 ball pythons
  2 bats
  A hobgoblin zombie (D:5)
  9 kobolds
  A kobold zombie (D:5)
  6 rats
180 creatures vanquished.

Notes
Turn   | Place    | Note
-------+----------+-------------------------------------------
     0 | D:1      | Yarcc the Minotaur Fighter began the quest for the Orb.
     0 | D:1      | Reached XP level 1. HP: 19/19 MP: 0/0
   251 | D:1      | Reached XP level 2. HP: 27/27 MP: 1/1
   991 | D:2      | Found a faded altar of an unknown god.
  1292 | D:2      | Reached XP level 3. HP: 33/33 MP: 2/2
  1706 | D:3      | Reached skill level 3 in Axes
  1790 | D:3      | Noticed Jessica
  1799 | D:3      | Killed Jessica
  1800 | D:3      | Reached XP level 4. HP: 5/41 MP: 3/3
  2098 | D:3      | Found an ancient bone altar of Kikubaaqudgha.
  2408 | D:3      | Reached skill level 4 in Axes
  2408 | D:3      | Reached XP level 5. HP: 36/47 MP: 4/4
  2783 | D:4      | Noticed Blork the orc
  2789 | D:4      | Killed Blork the orc
  2790 | D:4      | Reached skill level 5 in Armour
  3116 | D:4      | Reached skill level 5 in Axes
  3214 | D:5      | Entered Level 5 of the Dungeon
  3225 | D:5      | Reached skill level 1 in Dodging
  3225 | D:5      | Reached XP level 6. HP: 53/53 MP: 5/5
  3250 | D:5      | Noticed an ice beast
  3286 | D:5      | Noticed Beaer's ghost (weakling OpDe)
  3286 | D:5      | Noticed an ice beast
  3434 | D:5      | Noticed a two-headed ogre
  3436 | D:5      | Noticed an ice beast
  3443 | D:5      | Killed a two-headed ogre
  3444 | D:5      | Reached skill level 5 in Fighting
  3444 | D:5      | Reached skill level 7 in Axes
  3444 | D:5      | Reached XP level 7. HP: 24/61 MP: 6/6
  3446 | D:5      | HP: 3/61 [ice beast (14)]
  3448 | D:5      | Reached XP level 8. HP: 4/69 MP: 7/7
  3657 | D:5      | Found a runed translucent gate.
  3657 | D:5      | Found a runed translucent gate.
  3764 | D:5      | Found a runed translucent gate.
  3813 | D:5      | Found a radiant altar of Vehumet.
  3829 | D:5      | You fall into a shaft and drop 2 floors!
  4001 | D:5      | Reached skill level 5 in Shields
  4576 | D:5      | Killed Beaer's ghost
  4583 | D:5      | Reached skill level 8 in Axes
  5001 | D:6      | Found a staircase to the Ecumenical Temple.
  5010 | D:6      | Reached skill level 9 in Axes
  5158 | Temple   | Entered the Ecumenical Temple
  5165 | Temple   | Became a worshipper of Warmaster Okawaru
  5248 | D:6      | Reached XP level 9. HP: 26/75 MP: 8/8
  5485 | D:6      | HP: 2/73 [orc warrior/+0 battleaxe (10)]
  5949 | D:6      | Reached * piety under Okawaru
  5950 | D:6      | Reached skill level 10 in Axes
  6673 | D:7      | Found a shadowy altar of Dithmenos.
  7031 | D:8      | Reached skill level 11 in Axes
  7066 | D:8      | Found a hazy altar of Hepliaklqana.
  7071 | D:8      | Reached ** piety under Okawaru
  7468 | D:8      | Noticed a troll
  7469 | D:8      | Paralysed by a hornet for 1 turns
  7472 | D:8      | Reached XP level 10. HP: 17/86 MP: 9/9
  7899 | D:8      | Reached skill level 12 in Axes
  7905 | D:8      | Reached *** piety under Okawaru
  7910 | D:8      | Reached skill level 10 in Armour
  8100 | D:8      | Found a staircase to the Lair.
  8112 | D:8      | HP: 1/88 [electric eel/bolt of electricity (12)]
  8120 | Lair:1   | Entered Level 1 of the Lair of Beasts
  8142 | D:8      | Noticed Grum
  8153 | D:8      | Received a gift from Okawaru
  8159 | D:8      | HP: 3/88 [Grum/bolt of light (10)]
  8160 | D:8      | Killed from afar by Grum

Illustrated notes

Levels and vault maps discovered:
D:1:      dpeg_arrival_circle_labyrinth_c, layout_basic, serial_park_tiny_1,
          minmay_unequal
D:2:      layout_rooms, nicolae_ecumenical_oubliette, chequers_arboretum,
          minmay_door_square
D:3:      layout_basic, mainiacjoe_overflow_alcove_4, uniq_jessica
D:4:      layout_loops_cross, gup_sewer_entry_bubbles, uniq_blork_the_orc
D:5:      layout_loops_ring, mainiacjoe_overflow_small_starburst,
          gammafunk_ghost_icy, nicolae_ossuary_entry_giza
D:6:      minmay_diamond_boxcup, layout_basic, minmay_temple_entry_mini_moons
D:7:      layout_gridville, nicolae_dithmenos_through_a_glass_darkly
D:8:      layout_basic, mainiacjoe_overflow_alcove_1, erik_lair_island,
          uniq_jeremiah, uniq_grum
Temple:   dpeg_three_leaves_temple
Lair:1:   layout_regular_city, uniq_nergalle

Skill      XL: |  1  2  3  4  5  6  7  8  9 10 |
---------------+-------------------------------+-----
Fighting       | 4 5 6 7 8 |  8.0
Armour         | 4 5 7 8 9 10 | 10.4
Shields        | 4 5 6 |  6.1
Axes           | 3 4 5 7 9 11 12 | 12.8
Dodging        | 1 2 3 4 |  4.7

Action                     |  1- 3 |  4- 6 |  7- 9 | 10-12 || total
---------------------------+-------+-------+-------+-------++-------
  Melee: War axe           |    76 |    92 |   204 |       ||   372
         Headbutt          |     6 |    12 |    37 |    14 ||    69
         Battleaxe         |       |       |    27 |    59 ||    86
    Use: Scroll            |     4 |     5 |     3 |     1 ||    13
         Potion            |     1 |     8 |     3 |     1 ||    13
 Armour: Scale mail        |    54 |    65 |   136 |    49 ||   304
  Dodge: Dodged            |    44 |    43 |   140 |    56 ||   283
  Block: Buckler           |    15 |    22 |    33 |       ||    70

Table legend: (Time is in decaauts)
 A = Elapsed time spent in this place.
 B = Non-inter-level travel time spent in this place.
 C = Inter-level travel time spent in this place.
 D = Time resting spent in this place.
 E = Time spent auto-exploring this place.
 F = Levels seen in this place.
 G = Mean time per level.
                   A        B        C        D        E       F      G
               +--------+--------+--------+--------+--------+-----+--------+
         Total |   8275 |   8005 |    270 |   1883 |   4845 |  10 |  827.5 |
       Dungeon |   8258 |   7988 |    270 |   1883 |   4845 |   8 | 1032.2 |
        Temple |     14 |     14 |      0 |      0 |      0 |   1 |   14.0 |
          Lair |      1 |      1 |      0 |      0 |      0 |   1 |    1.0 |
               +--------+--------+--------+--------+--------+-----+--------+

Top non-repeatable levels by time:
     D:6: 1426 daAuts
     D:5: 1395 daAuts
     D:8: 1174 daAuts
     D:3: 1167 daAuts
     D:7: 969 daAuts
     D:1: 826 daAuts
     D:4: 737 daAuts
     D:2: 561 daAuts
  Temple: 14 daAuts
  Lair:1: 1 daAuts
